cohdb
Replays
Latest Replays
All Replays
Popular Replays
Top Player Replays
Match Explorer
How It Works
Community
CoH3 Stats
Reddit
Sign in to upload your games and track your stats! →
Sign in with Steam
Match 45537014
Unlisted
Match 45537014
Overview
Messages
Build Orders
End
Selects Australian Defense Battlegroup
Selects Australian Light Infantry Section
Australian Light Infantry Section
Construct Section Command Post
Infantry Section
Australian Light Infantry Section
Infantry Section
Selects 2-pounder Anti-tank Gun Team
2-pounder Anti-tank Gun Team
Construct Field Infirmary
Construct Platoon Command Post
Infantry Training
Construct Company Command Post
Matilda II Heavy Tank
Selects Vehicle Over Repair
Grenade Package
Unlock M3 Grant Medium Tanks
M3 Grant Medium Tank
Armored Vehicle Training
Royal Engineer Section
M3 Grant Medium Tank
M3 Grant Medium Tank
M3 Grant Medium Tank
Sad Pepe
Dots
0
0
Comments
sign in to comment!
No comments posted yet!